 Dungeon Sprint DCSS version 0.25-a0-571-gb5e01bddfa (webtiles) character file.

Game seed: 1211985805145316074, levelgen mode: deterministic

457146 Baz the Skullcrusher (level 19, 189/189 HPs)
             Began as a Formicid Fighter on Feb 29, 2020.
             Was the Champion of Qazlal.
             Escaped with the Orb!
             The game lasted 00:29:04 (5512 turns).

Baz the Skullcrusher (Formicid Fighter)             Turns: 5512, Time: 00:29:04

Health: 189/189    AC: 43    Str: 41    XL:     19   Next: 78%
Magic:  36/36      EV: 20    Int:  5    God:    Qazlal [******]
Gold:   0          SH: 46    Dex: 16    Spells: 18/18 levels left

rFire    + + .     SeeInvis +   L - +10 dark maul {vorpal}
rCold    + . .     Gourm    .   M - +18 shield of the Gong {rElec rN+ MR+ EV-5}
rNeg     + . .     Faith    +   I - +5 gold dragon scales
rPois    +         Spirit   .   (helmet unavailable)
rElec    +         Reflect  .   k - +1 cloak {rPois}
rCorr    .         Harm     .   y - +2 pair of gloves of the Cockatrice {rF+ Str+4 Dex+4}
MR       ++...                  w - +2 pair of boots {Fly}
Stlth    ..........             c - amulet "Ezxux" {Faith rElec rPois Dex-4 SInv}
HPRegen  0.41/turn              z - ring "Roc Lyna" {+Blink Str+8 Stlth+}
MPRegen  0.25/turn              A - ring of Veuwk {+Blink EV+2 Str+4 Int-5 Dex+4}

@: flying, studying 3 skills, repel missiles
A: permanent stasis, dig shafts and tunnels, four strong arms, antennae 3,
blurry vision 1
0: Orb of Zot
a: Dig, Upheaval, Elemental Force, Disaster Area, Renounce Religion, Stop Flying


You escaped.
You worshipped Qazlal.
Qazlal was exalted by your worship.
You were not hungry.

You visited 1 branch

Inventory:

Hand Weapons
 J - the +7 great mace "Firestarter" {inner flame, rF++}
   (You found it in the Dungeon)

   It has been specially enchanted to burn those struck by it, causing extra
   injury to most foes and up to half again as much damage against particularly
   susceptible opponents.
   It greatly protects you from fire.
 K - the +6 shillelagh "Devastator" {shatter}
   (You found it in the Dungeon)
 L - the +10 dark maul (weapon) {vorpal}
   (You found it in the Dungeon)

   It inflicts extra damage upon your enemies.
Armour
 k - a +1 cloak of poison resistance (worn)
 w - a +2 pair of boots of flying (worn)
 y - the +2 pair of gloves of the Cockatrice (worn) {rF+ Str+4 Dex+4}
   (You found it in the Dungeon)

   It affects your strength (+4).
   It affects your dexterity (+4).
   It protects you from fire.
   If you remove this armour, your AC will decrease by 4 (43 -> 39).
 I - +5 gold dragon scales (worn)
 M - the +18 shield of the Gong (worn) {rElec rN+ MR+ EV-5}
   (You found it in the Dungeon)

   It affects your evasion (-5).
   It insulates you from electricity.
   It protects you from negative energy.
   It affects your resistance to hostile enchantments.
Jewellery
 c - the amulet "Ezxux" (around neck) {Faith rElec rPois Dex-4 SInv}
   (You found it in the Dungeon)

   [amulet of faith]

   It allows you to gain divine favour quickly.
   It affects your dexterity (-4).
   It insulates you from electricity.
   It protects you from poison.
   It lets you see invisible.
 x - the amulet of the Four Winds {rN+ MR+++ Clar}
   (You found it in the Dungeon)

   [amulet of nothing]

   It protects you from negative energy.
   It affects your resistance to hostile enchantments.
   It protects you against confusion.
 z - the ring "Roc Lyna" (left hand) {+Blink Str+8 Stlth+}
   (You found it in the Dungeon)

   [ring of stealth]

   It affects your strength (+8).
   It lets you blink.
   It makes you more stealthy.
 A - the ring of Veuwk (right hand) {+Blink EV+2 Str+4 Int-5 Dex+4}
   (You found it in the Dungeon)

   [ring of evasion]

   It affects your evasion (+2).
   It affects your strength (+4).
   It affects your intelligence (-5).
   It affects your dexterity (+4).
   It lets you blink.
 B - an uncursed ring of ice
 G - a +6 ring of protection
 R - the macabre finger necklace {rN+}
   (You took it off an iron imp in the Dungeon)

   [amulet of nothing]

   It protects you from negative energy.
 W - the ring "Cuotyaderr" {rPois MR+ rCorr Str+2}
   (You found it in the Dungeon)

   [ring of resist corrosion]

   It affects your strength (+2).
   It protects you from poison.
   It affects your resistance to hostile enchantments.
   It provides partial protection from all sources of acid and corrosion.
 X - the ring "Fiacleop" {rElec rN+ MR++ Str+2 SInv}
   (You took it off a wight in the Dungeon)

   [ring of positive energy]

   It affects your strength (+2).
   It insulates you from electricity.
   It protects you from negative energy.
   It affects your resistance to hostile enchantments.
   It lets you see invisible.
Wands
 D - a wand of disintegration (7)
 E - a wand of iceblast (7)
 F - a wand of acid (7)
Scrolls
 a - 8 scrolls of enchant armour
 q - 4 scrolls of amnesia
 r - 7 scrolls of fog
 s - a scroll of holy word
 t - 5 scrolls of identify
 u - 5 scrolls of remove curse
 v - 2 scrolls of fear
Potions
 d - 7 potions of might
 e - 10 potions of curing
 g - 3 potions of heal wounds
 h - 10 potions of haste
 i - 7 potions of magic
 j - 3 potions of berserk rage
 l - 2 potions of brilliance
 m - a potion of invisibility
 n - 4 potions of resistance
 p - 9 potions of stabbing
Books
 H - a manual of Crossbows
 T - a manual of Bows
 U - a manual of Long Blades
Miscellaneous
 b - a phial of floods
 o - 12 boxes of beasts
 P - a lamp of fire
Comestibles
 f - 6 rations


   Skills:
 O Level 27 Fighting
 O Level 27 Maces & Flails
 O Level 27 Armour
 + Level 21.3 Dodging
 + Level 23.7 Shields
 O Level 27 Invocations


You had 18 spell levels left.
You didn't know any spells.
Your spell library contained the following spells:

 Spells                   Type           Power        Failure   Level  Hunger
 Animate Skeleton         Necr           N/A          88%         1    ##.....
 Apportation              Tloc           #.....       88%         1    ##.....
 Beastly Appendage        Tmut           #.....       88%         1    ##.....
 Corona                   Hex            #......      88%         1    ##.....
 Freeze                   Ice            #...         88%         1    ##.....
 Magic Dart               Conj           #...         88%         1    ##.....
 Pain                     Necr           #...         88%         1    ##.....
 Sandblast                Erth           #.....       88%         1    ##.....
 Shock                    Conj/Air       #...         88%         1    ##.....
 Sting                    Tmut/Pois      #...         88%         1    ##.....
 Summon Butterflies       Summ           #.......     88%         1    ##.....
 Summon Small Mammal      Summ           #...         88%         1    ##.....
 Call Imp                 Summ           #.......     95%         2    ###....
 Corpse Rot               Necr/Air       N/A          95%         2    ###....
 Ensorcelled Hibernation  Hex/Ice        #.....       95%         2    ###....
 Passwall                 Tmut/Erth      #.......     95%         2    ###....
 Poisonous Vapours        Pois/Air       #.....       95%         2    ###....
 Searing Ray              Conj           #.....       95%         2    ###....
 Sticks to Snakes         Tmut           #.......     95%         2    ###....
 Sublimation of Blood     Necr           #.........   95%         2    ###....
 Swiftness                Chrm/Air       #.......     95%         2    ###....
 Call Canine Familiar     Summ           #.......     99%         3    ####...
 Confusing Touch          Hex            #.......     99%         3    ####...
 Conjure Flame            Conj/Fire      #.......     99%         3    ####...
 Dazzling Flash           Conj/Hex       #.....       99%         3    ####...
 Frozen Ramparts          Ice            #.....       99%         3    ####...
 Ignite Poison            Fire/Tmut/Pois #.......     99%         3    ####...
 Inner Flame              Hex/Fire       #.......     99%         3    ####...
 Lesser Beckoning         Tloc           #.........   99%         3    ####...
 Mephitic Cloud           Conj/Pois/Air  #.......     99%         3    ####...
 Ozocubu's Armour         Chrm/Ice       #.......     99%         3    ####...
 Recall                   Summ/Tloc      N/A          99%         3    ####...
 Spectral Weapon          Hex/Chrm       #.......     99%         3    ####...
 Spider Form              Tmut/Pois      #.........   99%         3    ####...
 Static Discharge         Conj/Air       #.......     99%         3    ####...
 Stone Arrow              Conj/Erth      #.....       99%         3    ####...
 Summon Guardian Golem    Hex/Summ       #.......     99%         3    ####...
 Tukima's Dance           Hex            #.......     99%         3    ####...
 Vampiric Draining        Necr           #.........   99%         3    ####...
 Airstrike                Air            #.........   100%        4    #####..
 Animate Dead             Necr           N/A          100%        4    #####..
 Dispel Undead            Necr           #.......     100%        4    #####..
 Fulminant Prism          Conj/Hex       #.........   100%        4    #####..
 Hailstorm                Conj/Ice       #.......     100%        4    #####..
 Ice Form                 Ice/Tmut       #.......     100%        4    #####..
 Iskenderun's Mystic Bla  Conj/Tloc      #.......     100%        4    #####..
 Leda's Liquefaction      Hex/Erth       #.........   100%        4    #####..
 Petrify                  Tmut/Erth      #.......     100%        4    #####..
 Sticky Flame             Conj/Fire      #.......     100%        4    #####..
 Summon Ice Beast         Ice/Summ       #.......     100%        4    #####..
 Summon Lightning Spire   Summ/Air       #.......     100%        4    #####..
 Agony                    Necr           #.......     100%        5    ######.
 Alistair's Intoxication  Tmut/Pois      #.......     100%        5    ######.
 Blade Hands              Tmut           #.........   100%        5    ######.
 Bolt of Magma            Conj/Fire/Erth #.........   100%        5    ######.
 Borgnjor's Vile Clutch   Necr/Erth      #.........   100%        5    ######.
 Excruciating Wounds      Chrm/Necr      #.........   100%        5    ######.
 Irradiate                Conj/Tmut      #.........   100%        5    ######.
 Iskenderun's Battlesphe  Conj/Chrm      #.......     100%        5    ######.
 Lee's Rapid Deconstruct  Erth           #.........   100%        5    ######.
 Lightning Bolt           Conj/Air       #.........   100%        5    ######.
 Silence                  Hex/Air        #.........   100%        5    ######.
 Summon Mana Viper        Hex/Summ       #.......     100%        5    ######.
 Conjure Ball Lightning   Conj/Air       #.........   100%        6    #######
 Darkness                 Hex            #.........   100%        6    #######
 Death Channel            Necr           #.........   100%        6    #######
 Eringya's Noxious Bog    Tmut/Pois      #.........   100%        6    #######
 Hydra Form               Tmut           #.........   100%        6    #######
 Invisibility             Hex            #.......     100%        6    #######
 Iron Shot                Conj/Erth      #.........   100%        6    #######
 Simulacrum               Ice/Necr       #.........   100%        6    #######
 Statue Form              Tmut/Erth      #........    100%        6    #######
 Dragon Form              Tmut           #.........   100%        7    #######
 Malign Gateway           Summ/Tloc      #.........   100%        7    #######
 Monstrous Menagerie      Summ           #.........   100%        7    #######
 Orb of Destruction       Conj           #.........   100%        7    #######
 Ring of Flames           Chrm/Fire      #.........   100%        7    #######
 Spellforged Servitor     Conj/Summ      #.........   100%        7    #######
 Summon Greater Demon     Summ           #.........   100%        7    #######
 Summon Hydra             Summ           #.........   100%        7    #######
 Chain Lightning          Conj/Air       #.........   100%        8    #######
 Ignition                 Fire           #.........   100%        8    #######
 Lehudib's Crystal Spear  Conj/Erth      #.........   100%        8    #######
 Summon Horrible Things   Summ           #.........   100%        8    #######
 Fire Storm               Conj/Fire      #.........   100%        9    #######
 Glaciate                 Conj/Ice       #.........   100%        9    #######
 Shatter                  Erth           #.........   100%        9    #######
 Tornado                  Air            #.........   100%        9    #######
 Passage of Golubria      Tloc           Unusable     N/A         4    N/A

Dungeon Overview and Level Annotations

Branches:
Dungeon (1/1)

Altars:
Ashenzari
Cheibriados
Dithmenos
Elyvilon
Fedhas
Gozag
Hepliaklqana
Kikubaaqudgha
Makhleb
Nemelex Xobeh
Okawaru
Qazlal
Ru
Sif Muna
Trog
Uskayaw
Vehumet
Wu Jian
Xom
Yredelemnul
Zin
The Shining One
Beogh
Jiyva
Lugonu


Innate Abilities, Weirdness & Mutations

You cannot be hasted, slowed, berserked, paralysed or teleported.
You can dig through walls and to a lower floor.
Your four strong arms can wield two-handed weapons with a shield.
You have a pair of large antennae on your head. (SInv)
Scrolls take you a little longer to read.


Message History

a +0 buckler of fire resistance; an anaconda skeleton
Items here: ))) ÷ the +8 double sword of the Fray {flame, Dex+4} a flail; a +1 scythe of flaming; a naga skeleton
Things that are here:
a +4 quarterstaff of protection; a ball python skeleton You see here a cursed amulet of inaccuracy.
There is a transporter here.
An exit appears before you!
You enter the transporter and appear at another place.
Found the Orb of Zot.
Found a staircase leading out of the dungeon.
Unknown command.
You see here the Orb of Zot.
You pick up the Orb of Zot!
The Orb lets out a hideous shriek!
The lords of Pandemonium are not amused.
Beware!
Now all you have to do is get back out of the dungeon!
There is a staircase leading out of the dungeon here.
You can't go down here!
You have escaped!

▓▓▓▓▓▓▓▓▓▓▓▓▓▓▓ ▓8888888888888▓
▓8...........8▓ ▓8○.@.....©..8▓
▓8...○.......8▓ ▓8888888888888▓
▓▓▓▓▓▓▓▓▓▓▓▓▓▓▓▓▓▓▓▓▓▓▓▓▓▓▓▓▓▓▓▓▓
.....8©8........▓........8©8.....
[|=:|))=}}::).[.▓.[:).[[[}[|))}..
))}=)=)}:}:}.)=)▓.)).[[...)..=}|}
[[:=[}:.."...)..▓.[[|:..:....).).
................▓.....=.....)).=.


There were no monsters in sight!

Vanquished Creatures
  A pandemonium lord (D)
  2 ancient liches (D)
  A juggernaut (shapeshifter) (D)
  A shard shrike (shapeshifter) (D)
  A golden dragon (shapeshifter) (D)
  2 Hell Sentinels (D)
  2 titans (shapeshifter) (D)
  A lich (D)
  2 acid blobs (shapeshifter) (D)
  A quicksilver dragon (shapeshifter) (D)
  3 krakens (D)
  2 shadow dragons (shapeshifter) (D)
  A shadow dragon (D)
  13 nagarajas (D)
  A tentacled starspawn (D)
  A fire giant (shapeshifter) (D)
  A balrug (D)
  An iron dragon (shapeshifter) (D)
  A cacodemon (D)
  A ghoul (D)
  8 orc warlords (D)
  3 reapers (D)
  A very ugly thing (D)
  8 stone giants (D)
  An entropy weaver (shapeshifter) (D)
  4 vampire knights (D)
  A black draconian (D)
  2 entropy weavers (D)
  4 merfolk javelineers (D)
  6 merfolk impalers (D)
  A yaktaur captain (D)
  A hydra (D)
  13 vault guards (D)
  4 naga warriors (D)
  13 anacondas (D)
  A hydra (shapeshifter) (D)
  4 merfolk aquamancers (D)
  A rakshasa (D)
  A two-headed ogre (D)
  A merfolk avatar (D)
  4 vampire magi (D)
  An orc high priest (D)
  A queen ant (shapeshifter) (D)
  2 thrashing horrors (D)
  A shock serpent (shapeshifter) (D)
  A wretched star (D)
  8 skeletal warriors (D)
  A fire crab (shapeshifter) (D)
  A sixfirhy (D)
  An unseen horror (D)
  A death drake (shapeshifter) (D)
  3 flayed ghosts (D)
  A deep troll (shapeshifter) (D)
  A swamp dragon (shapeshifter) (D)
  3 sea snakes (D)
  4 orc knights (D)
  A lindwurm (shapeshifter) (D)
  A phantasmal warrior (D)
  14 necromancers (D)
  6 ugly things (D)
  2 wolf spiders (shapeshifter) (D)
  A cyclops (D)
  An orb spider (shapeshifter) (D)
  2 wolf spiders (D)
  A salamander (shapeshifter) (D)
  2 fauns (shapeshifter) (D)
  4 orc sorcerers (D)
  3 worldbinders (D)
  3 moths of wrath (shapeshifter) (D)
  A shining eye (D)
  4 shining eyes (shapeshifter) (D)
  5 black mambas (D)
  An elephant (shapeshifter) (D)
  A cyclops (shapeshifter) (D)
  A merfolk siren (D)
  A moth of wrath (D)
  3 rust devils (D)
  3 smoke demons (D)
  2 spiny frogs (D)
  An apocalypse crab (D)
  14 guardian serpents (D)
  11 naga magi (D)
  A spiny frog (shapeshifter) (D)
  4 yaktaurs (D)
  3 demonic crawlers (D)
  A rime drake (D)
  3 komodo dragons (shapeshifter) (D)
  2 komodo dragons (D)
  2 tormentors (D)
  A red devil (D)
  2 trolls (D)
  An ancient zyme (D)
  4 jumping spiders (D)
  A polar bear (shapeshifter) (D)
  6 merfolk (D)
  A hornet (D)
  A snapping turtle (shapeshifter) (D)
  4 hippogriffs (D)
  2 blink frogs (D)
  A slime creature (shapeshifter) (D)
  2 dream sheep (shapeshifter) (D)
  A raiju (D)
  A hippogriff (shapeshifter) (D)
  3 flying skulls (D)
  18 starcursed masses (D)
  3 snapping turtles (D)
  7 shadows (D)
  2 redbacks (D)
  2 vampires (D)
  2 yaks (D)
  2 air elementals (D)
  A ynoxinul (D)
  A tarantella (D)
  A redback (shapeshifter) (D)
  A wyvern (shapeshifter) (D)
  3 wraiths (D)
  8 large abominations (D)
  8 small abominations (D)
  2 tarantellas (shapeshifter) (D)
  A hog (shapeshifter) (D)
  A basilisk (D)
  2 chaos spawn (D)
  3 neqoxecs (D)
  13 nagas (D)
  An acid dragon (shapeshifter) (D)
  4 hell hounds (D)
  10 water moccasins (D)
  3 floating eyes (shapeshifter) (D)
  A porcupine (shapeshifter) (D)
  3 porcupines (D)
  18 orc warriors (D)
  A tengu (shapeshifter) (D)
  2 ogres (D)
  A black bear (shapeshifter) (D)
  7 necrophages (D)
  3 phantoms (D)
  An ogre (shapeshifter) (D)
  A wolf (shapeshifter) (D)
  3 centaurs (D)
  3 crocodiles (D)
  3 bullfrogs (D)
  14 wights (D)
  3 crimson imps (D)
  5 quasits (D)
  3 orc priests (D)
  An iguana (D)
  12 iron imps (D)
  3 orc wizards (D)
  2 river rats (shapeshifter) (D)
  5 adders (D)
  3 shadow imps (D)
  6 white imps (D)
  3 ufetubi (D)
  4 adder skeletons (D)
  4 adder zombies (D)
  6 bat skeletons (D)
  8 bat zombies (D)
  4 ball pythons (D)
  4 ball python zombies (D)
  3 giant cockroach zombies (D)
  2 jackal skeletons (D)
  2 jackal zombies (D)
  2 leopard gecko skeletons (D)
  2 leopard gecko zombies (D)
  3 starspawn tentacles (D)
  11 tentacles (D)
548 creatures vanquished.

Vanquished Creatures (others)
  2 spatial maelstroms (D)
  A flying skull (D)
  2 insubstantial wisps (D)
  A naga (D)
  A water moccasin (D)
  A starspawn tentacle (D)
  13 tentacles (D)
21 creatures vanquished.

Grand Total: 569 creatures vanquished

Notes
Turn   | Place    | Note
-------+----------+-------------------------------------------
     0 | D        | Baz the Formicid Fighter began the quest for the Orb.
     0 | D        | Reached XP level 1. HP: 18/18 MP: 1/1
     0 | D        | Found a shimmering blue altar of Sif Muna.
     0 | D        | Found a sacrificial altar of Ru.
     0 | D        | Found a bloodstained altar of Trog.
     0 | D        | Found a stormy altar of Qazlal.
     0 | D        | Found an iron altar of Okawaru.
     0 | D        | Found a sparkling altar of Nemelex Xobeh.
     0 | D        | Found a blossoming altar of Fedhas.
     1 | D        | Found the +6 Majin-Bo {vamp, Archmagi MP+6 Int+6}
     1 | D        | Found the +7 great mace "Firestarter" {inner flame, rF++}
     2 | D        | Found a transporter.
     2 | D        | Found an ancient bone altar of Kikubaaqudgha.
     2 | D        | Found a viscous altar of Jiyva.
     2 | D        | Found a corrupted altar of Lugonu.
     2 | D        | Found a hazy altar of Hepliaklqana.
     2 | D        | Found a burning altar of Makhleb.
     2 | D        | Found an opulent altar of Gozag.
     7 | D        | Banished a spatial maelstrom
    16 | D        | Reached skill level 5 in Maces & Flails
    16 | D        | Reached XP level 2. HP: 24/24 MP: 2/2
    37 | D        | Found the +9 heavy crossbow "Sniper" {vorpal, Acc+∞ SInv}
    37 | D        | Found the +10 dark maul {vorpal}
    37 | D        | Found the +15 Maxwell's patent armour {-Cast -Tele rElec
                  | MR+ rCorr}
    37 | D        | Found the +18 shield of the Gong {rElec rN+ MR+ EV-5}
    37 | D        | Found the cursed +14 obsidian axe {vorpal, +Fly SInv
                  | *Curse}
    38 | D        | Found the +6 shillelagh "Devastator" {shatter}
    38 | D        | Found the +11 plutonium sword {*Contam Stlth-}
    38 | D        | Found the +8 lance "Wyrmbane" {slay drac, rPois rF+ rC+
                  | AC+3}
    38 | D        | Found the +9 sword of Zonguldrok {reap}
    38 | D        | Found the cursed +13 scythe of Curses {drain, *Curse}
    38 | D        | Found the +0 sword of Power
    38 | D        | Found the +7 mace of Variability {chain chaos}
    38 | D        | Found the +7 Singing Sword {vorpal, sonic wave}
    38 | D        | Found the +8 storm bow {elec, penet}
    93 | D        | Became a worshipper of Qazlal Stormbringer
   102 | D        | Entered arena 2.
   102 | D        | Noticed a wolf
   102 | D        | Noticed a purple ugly thing
   102 | D        | Found a transporter.
   106 | D        | Killed a wolf
   106 | D        | Reached XP level 3. HP: 31/31 MP: 3/3
   106 | D        | Reached XP level 4. HP: 38/38 MP: 4/4
   109 | D        | Killed a red ugly thing
   109 | D        | Reached skill level 10 in Maces & Flails
   109 | D        | Reached skill level 10 in Shields
   109 | D        | Reached XP level 5. HP: 48/48 MP: 5/5
   109 | D        | Reached XP level 6. HP: 55/55 MP: 6/6
   109 | D        | Reached XP level 7. HP: 60/60 MP: 7/7
   134 | D        | Entered arena 3.
   134 | D        | Found a transporter.
   136 | D        | Reached * piety under Qazlal
   169 | D        | Entered arena 4.
   169 | D        | Noticed a yaktaur
   169 | D        | Found a transporter.
   171 | D        | Reached ** piety under Qazlal
   174 | D        | Reached XP level 8. HP: 66/68 MP: 8/8
   177 | D        | Killed a yaktaur
   197 | D        | Got the amulet "Ezxux" {Faith rElec rPois Dex-4 SInv}
   227 | D        | Entered arena 5.
   227 | D        | Noticed an air elemental
   227 | D        | Noticed an air elemental
   227 | D        | Found a transporter.
   234 | D        | Killed an air elemental
   234 | D        | Reached *** piety under Qazlal
   234 | D        | Reached skill level 1 in Invocations
   237 | D        | Killed an air elemental
   237 | D        | Reached XP level 9. HP: 41/76 MP: 8/11
   394 | D        | Entered arena 6.
   394 | D        | Found a transporter.
   401 | D        | Reached **** piety under Qazlal
   402 | D        | Reached ***** piety under Qazlal
   686 | D        | Entered arena 7.
   686 | D        | Noticed a komodo dragon
   688 | D        | Found a transporter.
   693 | D        | Killed a komodo dragon
   693 | D        | Reached skill level 5 in Invocations
   694 | D        | Reached skill level 10 in Fighting
   694 | D        | Reached skill level 10 in Armour
   706 | D        | Got the ring "Ogidut" {Fire rN+ Str+3 Int-5 SInv}
   717 | D        | Entered arena 8.
   718 | D        | Found a transporter.
   720 | D        | Reached ****** piety under Qazlal
   756 | D        | Entered arena 9.
   756 | D        | Identified the cursed +1 arbalest of the Hidden Vale
                  | {flame, rElec rN+ Str+6 Stlth-}
   764 | D        | Found a transporter.
   789 | D        | Got the Tome of Flight and Flames
   795 | D        | Entered arena 10.
   796 | D        | Identified the cursed +0 long sword of Defiance {drain,
                  | Str+3 Dex+5}
   796 | D        | Identified the +11 morningstar of Indomitability {freeze,
                  | Int+2}
   797 | D        | Found a transporter.
   799 | D        | Reached XP level 10. HP: 86/86 MP: 14/14
   833 | D        | Entered arena 11.
   833 | D        | Noticed a cyclops
   834 | D        | Found the +3 robe of Clouds {+Thunder rCloud rElec}
   836 | D        | Found a transporter.
   841 | D        | Killed a cyclops
  1049 | D        | Entered arena 12.
  1049 | D        | Noticed a sixfirhy
  1055 | D        | Killed a sixfirhy
  1055 | D        | Reached XP level 11. HP: 92/95 MP: 17/17
  1056 | D        | Reached skill level 15 in Maces & Flails
  1070 | D        | Found a transporter.
  1088 | D        | Entered arena 13.
  1103 | D        | Found a transporter.
  1179 | D        | Got the Handbook of Black Secrets
  1199 | D        | Entered arena 14.
  1199 | D        | Noticed a vampire knight
  1199 | D        | Noticed a necromancer
  1200 | D        | Noticed a vampire knight
  1200 | D        | Identified the ring "Xacawoych" {rElec rF+ Str+5 Dex+2}
  1200 | D        | Noticed a necromancer
  1200 | D        | Noticed a necromancer
  1201 | D        | Noticed a skeletal warrior
  1207 | D        | Killed a vampire knight
  1207 | D        | Reached skill level 10 in Invocations
  1211 | D        | Killed a vampire knight
  1211 | D        | Killed a necromancer
  1211 | D        | Killed a necromancer
  1211 | D        | Killed a skeletal warrior
  1211 | D        | Reached skill level 15 in Shields
  1213 | D        | Killed a necromancer
  1213 | D        | Reached XP level 12. HP: 78/105 MP: 18/20
  1219 | D        | Found a transporter.
  1318 | D        | Entered arena 15.
  1321 | D        | Noticed an eight-headed hydra
  1329 | D        | Killed an eight-headed hydra
  1337 | D        | Found a transporter.
  1363 | D        | Entered arena 16.
  1363 | D        | Noticed a vampire mage
  1363 | D        | Noticed a vampire knight
  1363 | D        | Noticed a vampire knight
  1363 | D        | Noticed a vampire mage
  1363 | D        | Identified the cursed +0 robe of Honour {rPois rC+++ rN+
                  | Dex-2}
  1363 | D        | Noticed a vampire mage
  1363 | D        | Identified the +8 dagger of Analysis {vamp, rPois rN+
                  | Stlth+}
  1363 | D        | Noticed a skeletal warrior
  1364 | D        | Noticed a skeletal warrior
  1368 | D        | Killed a vampire knight
  1369 | D        | Killed a vampire mage
  1369 | D        | Killed a vampire mage
  1372 | D        | Killed a vampire knight
  1376 | D        | Killed a vampire mage
  1380 | D        | Killed a skeletal warrior
  1383 | D        | Killed a skeletal warrior
  1383 | D        | Reached XP level 13. HP: 74/114 MP: 21/23
  1384 | D        | Found a transporter.
  1541 | D        | Entered arena 17.
  1543 | D        | Noticed an entropy weaver
  1545 | D        | Noticed an entropy weaver
  1548 | D        | Killed an entropy weaver
  1548 | D        | Reached skill level 15 in Fighting
  1548 | D        | Reached skill level 15 in Armour
  1557 | D        | Killed an entropy weaver
  1862 | D        | Found a transporter.
  1870 | D        | Got the ring of Veuwk {+Blink EV+2 Str+4 Int-5 Dex+4}
  1896 | D        | Entered arena 18.
  1903 | D        | Noticed a green very ugly thing
  1906 | D        | Noticed an ettin
  1906 | D        | a shock serpent changed into an ettin
  1906 | D        | Gained mutation: Scrolls take you a little longer to read.
                  | [a shining eye]
  1913 | D        | Noticed a great orb of eyes
  1913 | D        | an ettin changed into a great orb of eyes
  1914 | D        | a great orb of eyes changed into a queen ant
  1914 | D        | Reached skill level 15 in Invocations
  1922 | D        | Found a transporter.
  1924 | D        | Killed a red very ugly thing
  1984 | D        | Got the ring "Cuotyaderr" {rPois MR+ rCorr Str+2}
  2055 | D        | Entered arena 19.
  2056 | D        | Noticed a vault guard
  2058 | D        | Noticed a vault guard
  2058 | D        | Noticed a shadow dragon
  2058 | D        | Noticed a vault guard
  2058 | D        | Noticed a vault guard
  2059 | D        | Noticed a vault guard
  2059 | D        | Noticed a vault guard
  2059 | D        | Noticed a vault guard
  2059 | D        | Noticed a vault guard
  2061 | D        | Identified the +7 falchion of Courage {speed, MR+}
  2061 | D        | Noticed a vault guard
  2062 | D        | Noticed a yaktaur captain
  2062 | D        | Noticed a vault guard
  2063 | D        | Noticed a stone giant
  2063 | D        | Noticed a vault guard
  2063 | D        | Noticed a vault guard
  2064 | D        | Noticed a stone giant
  2066 | D        | Identified the +5 great sword "Impslayer" {drain, Stlth+}
  2066 | D        | Noticed a vault guard
  2074 | D        | Killed a vault guard
  2074 | D        | Killed a vault guard
  2074 | D        | Reached XP level 14. HP: 89/126 MP: 17/25
  2086 | D        | Killed a shadow dragon
  2088 | D        | Killed a stone giant
  2093 | D        | Killed a stone giant
  2100 | D        | Found a transporter.
  2425 | D        | Entered arena 20.
  2429 | D        | Identified the cursed +2 hunting sling of the Thoughtful
                  | Planets {flame, Int+3}
  2430 | D        | Identified the ring "Fiacleop" {rElec rN+ MR++ Str+2 SInv}
  2430 | D        | Noticed a balrug
  2432 | D        | Found the +3 salamander hide armour {+Rage rF++}
  2446 | D        | Killed a balrug
  2456 | D        | Found a transporter.
  2470 | D        | Got the ring of Day {EV+3 Int+2}
  2539 | D        | Entered arena 21.
  2547 | D        | Noticed a Hell Sentinel
  2549 | D        | Noticed a reaper
  2559 | D        | Noticed a reaper
  2559 | D        | Identified the +0 robe "Obrepn" {Dex+3}
  2560 | D        | Killed a Hell Sentinel
  2560 | D        | Reached XP level 15. HP: 137/137 MP: 21/28
  2560 | D        | Noticed a reaper
  2566 | D        | Killed a reaper
  2569 | D        | Identified the +2 chain mail "Epuabue" {rPois}
  2575 | D        | Killed a reaper
  2596 | D        | Killed a reaper
  2599 | D        | Found the +9 staff of Olgreb {rPois∞}
  2848 | D        | Found a transporter.
  2869 | D        | Got Sif Muna's Tome of the Poisonous Blaze
  2873 | D        | Got the Compendium of Air and Earth
  2904 | D        | Entered arena 22.
  2908 | D        | Identified the +4 halberd "Vyucoto" {protect, rPois Str-2
                  | Dex+3}
  2915 | D        | Noticed a kraken
  2915 | D        | Noticed a kraken
  2925 | D        | Killed a kraken
  2934 | D        | Killed a kraken
  3004 | D        | Noticed a kraken
  3005 | D        | Found the +2 hat of the Bear Spirit {Spirit, +Rage rN+
                  | MR++}
  3226 | D        | Found a transporter.
  3235 | D        | Killed a kraken
  3323 | D        | Got the Disquisition on Scorching Earth
  3329 | D        | Got the Grimoire of Poison
  3374 | D        | Entered arena 23.
  3379 | D        | Noticed a nagaraja
  3379 | D        | Noticed a nagaraja
  3390 | D        | Noticed a nagaraja
  3391 | D        | Identified the amulet of Xom's Fair Game {Gourm Str-5 Int+8
                  | SInv}
  3399 | D        | Reached XP level 16. HP: 133/148 MP: 30/30
  3403 | D        | Killed a nagaraja
  3404 | D        | Noticed a nagaraja
  3404 | D        | Noticed a nagaraja
  3406 | D        | Noticed a nagaraja
  3406 | D        | Killed a nagaraja
  3408 | D        | Noticed a nagaraja
  3414 | D        | Killed a nagaraja
  3416 | D        | Noticed a nagaraja
  3422 | D        | Killed a nagaraja
  3423 | D        | Killed a nagaraja
  3434 | D        | Killed a nagaraja
  3438 | D        | Killed a nagaraja
  3440 | D        | Killed a nagaraja
  3784 | D        | Found a transporter.
  3814 | D        | Got Eteer's Volume of Feathers
  3832 | D        | Entered arena 24.
  3842 | D        | Noticed a lich
  3846 | D        | Reached skill level 1 in Dodging
  3847 | D        | Identified the cursed +1 glaive "Kodittiu" {freeze, rF+}
  3847 | D        | Noticed an ancient lich
  3850 | D        | Identified the +4 ring mail "Wuoficvi" {rPois rCorr}
  3850 | D        | Identified the +6 scimitar "Giantslayer" {vorpal, rC+ MR+
                  | Dex+5}
  3850 | D        | Identified the +7 falchion of Cheese {holy, *Contam rC+ MR+
                  | Str+5 Dex+4}
  3853 | D        | Killed a lich
  3853 | D        | Noticed an ancient lich
  3854 | D        | Identified the +3 long sword of Lulohur {vorpal, Dex+3}
  3865 | D        | Killed an ancient lich
  3865 | D        | Reached skill level 5 in Dodging
  3876 | D        | Reached skill level 27 in Maces & Flails
  3876 | D        | HP: 7/153 [ancient lich/crystal spear (57)]
  3876 | D        | HP: 2/153 [ancient lich (3)]
  3885 | D        | Reached XP level 17. HP: 55/160 MP: 18/32
  3892 | D        | Killed an ancient lich
  4228 | D        | Found a transporter.
  4262 | D        | Entered arena 25.
  4270 | D        | Identified the ring of Nosyif {rPois Int+4}
  4271 | D        | Found the +3 Elemental Staff {rElec rF++ rC++ MR++ AC+5}
  4271 | D        | Identified the cursed +3 rapier of Pestilence {vorpal,
                  | +Rage rPois rC+ Str+2}
  4271 | D        | Identified the +5 executioner's axe of the Forgotten Gods
                  | {freeze, Int+6 Stlth-}
  4272 | D        | Identified the cursed +2 short sword of Watchfulness
                  | {freeze, Dex+5}
  4273 | D        | Identified the cursed +0 flail of Baz's Uncertain Death
                  | {vorpal, rN+ Int+3}
  4273 | D        | Found a transporter.
  4276 | D        | Reached skill level 10 in Dodging
  4598 | D        | Got Falir's Collected Works on Lucky Evil
  4608 | D        | Found the +3 Elemental Staff {rElec rF++ rC++ MR++ AC+5}
  4608 | D        | Entered arena 26.
  4615 | D        | Noticed a juggernaut
  4621 | D        | Noticed a caustic shrike
  4621 | D        | a juggernaut changed into a caustic shrike
  4622 | D        | Noticed a titan
  4623 | D        | Noticed a shard shrike
  4623 | D        | Noticed a golden dragon
  4624 | D        | Noticed a juggernaut
  4624 | D        | Noticed a juggernaut
  4625 | D        | Noticed a shard shrike
  4626 | D        | Noticed a juggernaut
  4626 | D        | Noticed a titan
  4626 | D        | a juggernaut changed into a titan
  4626 | D        | Noticed a titan
  4626 | D        | a golden dragon changed into a titan
  4626 | D        | Noticed a titan
  4626 | D        | a juggernaut changed into a titan
  4627 | D        | Noticed a golden dragon
  4627 | D        | a shard shrike changed into a golden dragon
  4627 | D        | Noticed a shadow dragon
  4627 | D        | a golden dragon changed into a shadow dragon
  4627 | D        | Noticed a shard shrike
  4627 | D        | a titan changed into a shard shrike
  4627 | D        | Noticed a juggernaut
  4627 | D        | a shard shrike changed into a juggernaut
  4627 | D        | Noticed a caustic shrike
  4627 | D        | Noticed a juggernaut
  4628 | D        | Killed a titan
  4628 | D        | Reached XP level 18. HP: 150/175 MP: 26/34
  4628 | D        | Noticed an acid blob
  4628 | D        | a caustic shrike changed into an acid blob
  4628 | D        | Noticed a quicksilver dragon
  4628 | D        | an azure jelly changed into a quicksilver dragon
  4628 | D        | a juggernaut changed into a shadow dragon
  4628 | D        | Noticed a golden dragon
  4628 | D        | a caustic shrike changed into a golden dragon
  4628 | D        | Noticed an acid blob
  4628 | D        | a titan changed into an acid blob
  4630 | D        | Killed a quicksilver dragon
  4630 | D        | Killed an acid blob
  4630 | D        | Killed a shard shrike
  4631 | D        | Noticed a golden dragon
  4631 | D        | an acid blob changed into a golden dragon
  4631 | D        | Noticed a golden dragon
  4631 | D        | a titan changed into a golden dragon
  4631 | D        | Noticed a caustic shrike
  4631 | D        | a golden dragon changed into a caustic shrike
  4631 | D        | Noticed an iron giant
  4632 | D        | Killed a golden dragon
  4632 | D        | Noticed an iron giant
  4632 | D        | a juggernaut changed into an iron giant
  4633 | D        | Killed a juggernaut
  4633 | D        | a golden dragon changed into an iron dragon
  4633 | D        | an iron giant changed into an iron dragon
  4635 | D        | Reached skill level 15 in Dodging
  4635 | D        | Noticed an acid blob
  4635 | D        | an iron giant changed into an acid blob
  4635 | D        | Noticed a golden dragon
  4635 | D        | a caustic shrike changed into a golden dragon
  4636 | D        | Noticed a golden dragon
  4636 | D        | an iron dragon changed into a golden dragon
  4636 | D        | an acid blob changed into a fire giant
  4637 | D        | Noticed a golden dragon
  4637 | D        | a shadow dragon changed into a golden dragon
  4637 | D        | Noticed a caustic shrike
  4637 | D        | a golden dragon changed into a caustic shrike
  4637 | D        | Noticed a quicksilver dragon
  4637 | D        | an alligator snapping turtle changed into a quicksilver
                  | dragon
  4637 | D        | a golden dragon changed into a shadow dragon
  4638 | D        | a caustic shrike changed into an iron dragon
  4638 | D        | a quicksilver dragon changed into a shadow dragon
  4639 | D        | Noticed an acid blob
  4639 | D        | a shadow dragon changed into an acid blob
  4639 | D        | Noticed an iron giant
  4639 | D        | an acid blob changed into an iron giant
  4641 | D        | Noticed a caustic shrike
  4641 | D        | a golden dragon changed into a caustic shrike
  4643 | D        | Noticed an acid blob
  4643 | D        | a caustic shrike changed into an acid blob
  4644 | D        | an acid blob changed into an iron dragon
  4644 | D        | Noticed an acid blob
  4644 | D        | an iron giant changed into an acid blob
  4645 | D        | Noticed an acid blob
  4645 | D        | an iron dragon changed into an acid blob
  4646 | D        | Killed an acid blob
  4646 | D        | Noticed a golden dragon
  4646 | D        | an acid blob changed into a golden dragon
  4648 | D        | Noticed a shard shrike
  4648 | D        | a golden dragon changed into a shard shrike
  4648 | D        | Noticed a titan
  4648 | D        | a shard shrike changed into a titan
  4649 | D        | Killed a titan
  4650 | D        | Reached skill level 27 in Invocations
  4653 | D        | Found the amulet of the Four Winds {rN+ MR+++ Clar}
  4654 | D        | Found the +4 moon troll leather armour {Spirit, Regen++
                  | MP+5}
  4654 | D        | Found a transporter.
  4996 | D        | Found the +7 captain's cutlass {speed, disarm}
  5026 | D        | Entered arena 27.
  5034 | D        | Noticed a Hell Sentinel
  5035 | D        | Noticed Luecw the pandemonium lord
  5036 | D        | Found the +7 Spriggan's Knife {stab, EV+4 Stlth+}
  5037 | D        | Identified the +4 leather armour of the Black Moon {Regen+
                  | Str+5}
  5039 | D        | Reached XP level 19. HP: 125/188 MP: 36/36
  5041 | D        | Found the +7 pair of quick blades "Gyre" and "Gimble"
                  | {protect}
  5041 | D        | Killed a Hell Sentinel
  5041 | D        | Reached skill level 27 in Fighting
  5041 | D        | Reached skill level 27 in Armour
  5043 | D        | Killed Luecw the pandemonium lord
  5060 | D        | Found a transporter.
  5073 | D        | Got the +2 pair of gloves of the Cockatrice {rF+ Str+4
                  | Dex+4}
  5229 | D        | Got the ring "Roc Lyna" {+Blink Str+8 Stlth+}
  5245 | D        | Entered arena 28.
  5254 | D        | Identified the +4 halberd of the Unspeakable One {vorpal,
                  | MR++ Str-3 Int+6}
  5258 | D        | Identified the +8 dire flail of Plunder {elec, rF++ MR+
                  | Dex-4}
  5461 | D        | Found a transporter.
  5507 | D        | Got the Orb of Zot
  5512 | D        | Escaped with the Orb!

Levels and vault maps discovered:
D:        sprint_v [room_start, room_1, room_2, room_3, room_4, room_5, room_6,
          room_7, room_8, room_9, room_10, room_11, room_12, room_13, room_14,
          room_15, room_16, room_17, room_18, room_19, room_20, room_21,
          room_22, room_23, room_24, room_25, room_26, room_27]

Skill      XL: |  1  2  3  4  5  6  7  8  9 10 11 12 13 14 15 16 17 18 19 |
---------------+----------------------------------------------------------+-----
Maces & Flails | 5 7 10 11 12 13 14 16 18 20 22 24 27 | 27.0
Shields        | 7 8 10 11 12 13 15 16 23 | 23.7
Fighting       | 4 7 8 9 10 11 13 14 16 18 20 21 24 26 27 | 27.0
Armour         | 4 7 8 9 10 11 13 14 16 18 20 21 24 26 27 | 27.0
Invocations    | 2 6 8 11 13 15 18 20 22 25 27 | 27.0
Dodging        | 6 12 16 21 | 21.3

Action                   |  1- 3 |  4- 6 |  7- 9 | 10-12 | 13-15 | 16-18 | 19-21 || total
-------------------------+-------+-------+-------+-------+-------+-------+-------++-------
Melee: Shillelagh        |     3 |     3 |    17 |       |    19 |    11 |       ||    53
       Great mace        |       |       |    32 |    86 |   122 |    53 |       ||   293
       Maul              |       |       |       |       |     9 |    38 |    21 ||    68
Invok: Upheaval          |       |       |       |       |    26 |     4 |       ||    30
       Disaster Area     |       |       |       |       |       |     6 |     2 ||     8
 Abil: Evoke Thunderclou |       |       |       |     1 |       |       |       ||     1
  Use: Potion            |     2 |       |     1 |       |     2 |     8 |       ||    13
 Stab: Invisible         |       |     1 |       |       |       |       |       ||     1
  Eat: Chunk             |       |       |       |     2 |     5 |       |     1 ||     8
       Ration            |       |       |       |       |       |     2 |       ||     2
Armor: Fire dragon scale |       |       |    27 |    10 |       |       |       ||    37
       Gold dragon scale |       |       |       |    31 |    80 |   149 |    18 ||   278
Dodge: Dodged            |       |       |     6 |     1 |    11 |    58 |    32 ||   108
       Deflected         |       |       |       |       |     2 |     2 |     1 ||     5
Block: Kite shield       |     3 |     1 |   118 |   165 |   347 |   337 |    72 ||  1043

Table legend:
 A = Non-vault XP
 B = Vault XP
 C = Vault XP percentage of total XP
 D = Non-vault monster count
 E = Vault monster count
 F = Vault count percentage of total count
                 A         B        C        D         E       F
            +---------+---------+-------+---------+---------+-------
      Total |    2631 |  317727 |  99.2 |      14 |     523 |  97.4
            +---------+---------+-------+---------+---------+-------
          D |    2631 |  317727 |  99.2 |      14 |     523 |  97.4
            +---------+---------+-------+---------+---------+-------
